 Dungeon Crawl Stone Soup version 0.20-a0-454-g2b43fbb (webtiles) character file.

3322 HagarQim the Slicer (level 10, -1/73 HPs)
             Began as a Merfolk Skald on Jan 8, 2017.
             Was an Initiate of Gozag.
             Slain by a hornet (2 damage)
             ... while paralysed by a hornet
             ... on level 7 of the Dungeon.
             The game lasted 00:31:53 (8207 turns).

HagarQim the Slicer (Merfolk Skald)                 Turns: 8207, Time: 00:31:54

Health: -1/73      AC:  3    Str: 11    XL:     10   Next: 2%
Magic:  10/19      EV:  2    Int: 10    God:    Gozag
Gold:   414        SH:  0    Dex: 18    Spells: 16/21 levels left

rFire  . . .     SeeInvis .     e - +3 dagger (speed)
rCold  . . .     Gourm    .     P - +1 robe {rN+}
rNeg   + . .     Faith    .     (no shield)
rPois  .         Spirit   .     (no helmet)
rElec  .         Reflect  .     (no cloak)
rCorr  .         Harm     .     (no gloves)
MR     .....                    (no boots)
Stlth  +++.......               F - amulet of regeneration
                                (no ring)
                                (no ring)

@: paralysed, lethally poisoned (-1 -> -2), singing (expiring), gold aura, very
slightly contaminated, slowed
A: change form in water, swift swim, stealthy swim, dopey 1
a: Potion Petition, Call Merchant, Bribe Branch, Renounce Religion, Stop Singing


You were on level 7 of the Dungeon.
You worshipped Gozag.
Gozag was aware of your devotion.
You were not hungry.

You visited 2 branches of the dungeon, and saw 8 of its levels.

You collected 493 gold pieces.
You paid 79 gold pieces to Gozag.

Inventory:

Hand Weapons
 a - a +0 spear
 e - a +3 dagger of speed (weapon)
 q - a +0 spear of chaos
 r - a +1 dagger of chaos
 s - a +1 dagger of venom
 w - a +1 falchion of slicing
 y - a +0 dagger of venom
 A - a +2 dagger of protection
 G - a +0 scythe of venom
Missiles
 L - 7 silver javelins (quivered)
Armour
 b - a +1 leather armour
 I - a +1 robe of cold resistance
 P - a +1 robe of positive energy (worn)
Magical Staves
 Q - an uncursed staff of air
Jewellery
 f - an uncursed amulet of faith
 t - an uncursed ring of fire
 F - an amulet of regeneration (around neck)
 K - an uncursed amulet of guardian spirit
Wands
 i - a wand of flame (26/48)
 n - a wand of iceblast (3/15)
 M - a wand of lightning (9/15)
 R - a wand of flame (22/48)
 S - a wand of iceblast (6/15)
 T - a wand of disintegration (10/24)
Scrolls
 h - a scroll of recharging {unknown}
 j - a scroll of enchant armour
 k - a scroll of fear
 l - 3 scrolls of remove curse
 z - a scroll of enchant weapon
 B - 2 scrolls of random uselessness {unknown}
 C - 2 scrolls of blinking
 J - 3 scrolls of teleportation {unknown}
 N - a scroll of fog {unknown}
Potions
 g - 4 potions of curing
 m - a potion of agility
 u - 2 potions of brilliance {unknown}
 v - 2 potions of heal wounds {unknown}
 x - a potion of mutation {unknown}
 D - 3 potions of resistance
 E - a potion of haste {unknown}
Books
 c - a book of Battle

   Spells                             Type                      Level
   a - Infusion                       Charms                       1
   b - Shroud of Golubria             Charms/Translocation         2
   c - Song of Slaying                Charms                       2
   d - Spectral Weapon                Hexes/Charms                 3
   e - Regeneration                   Charms/Necromancy            3
Comestibles
 d - 13 bread rations
 o - 6 meat rations
 H - a beef jerky
 O - a slice of pizza


   Skills:
 + Level 4.8 Fighting
 + Level 9.2 Short Blades
 - Level 3.0 Polearms
 - Level 1.5 Armour
 + Level 6.6 Dodging
 * Level 4.2 Stealth
 * Level 6.3 Spellcasting
 - Level 5.3 Charms
 * Level 2.9 Translocations


You had 16 spell levels left.
You knew the following spells:

 Your Spells              Type           Power        Failure   Level  Hunger
g - Shroud of Golubria    Chrm/Tloc      ##........   8%          2    ##.....
i - Infusion              Chrm           ##..         2%          1    None
s - Song of Slaying       Chrm           ##......     4%          2    ##.....


Dungeon Overview and Level Annotations

Branches:
Dungeon (7/15)             Temple (1/1) D:6

Altars:
Ashenzari
Cheibriados
Dithmenos
Elyvilon
Fedhas
Gozag
Hepliaklqana
Kikubaaqudgha
Makhleb
Nemelex Xobeh
Okawaru
Qazlal
Ru
Sif Muna
Trog
Uskayaw
Vehumet
Xom
Zin
The Shining One

Shops:
D:5 *


Innate Abilities, Weirdness & Mutations

You revert to your normal form in water.
You are very nimble and swift while swimming.
You are very stealthy in the water. (Stealth+)
You are dopey. (Int -2)


Message History

You barely miss the hornet.
The hornet is heavily wounded.
You hit the hornet but do no damage.
The hornet is heavily wounded.
The hornet stings you!
* * * LOW HITPOINT WARNING * * *
You feel as though you will be slow longer.
You barely miss the hornet.
The hornet is heavily wounded.
The hornet stings you!
* * * LOW HITPOINT WARNING * * *
You suddenly lose the ability to move!
The hornet stings you.
* * * LOW HITPOINT WARNING * * *
You are lethally poisoned!
You feel as though you will be slow longer.
* * * LOW HITPOINT WARNING * * *
You feel sick. The hornet stings you.
You die...
Your body crumbles into a pile of gold.

##..# ########.# #....# ###
###### #.#########......
#.# #..........
#######.#####.......... ###
#...........'..........
....#.#####.#####....!.....
.........y@................
##.#....##.########.......
#..#+##..........###### #..
...........# #### ....
...........###... #....
...######....#... ###..
....# #....#... #.. ..#
#....#... #.. #........


You could see a hornet.

Vanquished Creatures
  Pikel (D:5)
  Sigmund (D:5)
  A spriggan (D:7)
  Menkaure (D:7)
  Duvessa (D:7)
  2 sky beasts (D:6)
  2 phantoms (D:4)
  3 ice beasts
  5 ogres
  3 centaurs
  A bullfrog (D:7)
  Dowan (D:7)
  2 crimson imps
  2 bullfrog zombies
  2 hounds (D:7)
  A jelly (D:6)
  2 orc priests
  An iguana (D:6)
  9 orc wizards
  A worker ant (D:5)
  9 gnolls
  13 adders
  A shadow imp (D:6)
  An adder zombie (D:6)
  A worm (D:3)
  2 dart slugs (D:1)
  A leopard gecko (D:3)
  34 orcs
  A ball python (D:1)
  10 giant cockroaches
  11 goblins
  20 hobgoblins
  8 jackals
  2 quokkas (D:7)
  10 bats
  5 frilled lizards
  2 giant cockroach zombies (D:5)
  A jackal zombie (D:6)
  10 kobolds
  A leopard gecko skeleton (D:4)
  8 rats
193 creatures vanquished.

Vanquished Creatures (others)
  A jelly (D:5)
  2 orcs (D:5)
  A giant cockroach (D:5)
  A goblin (D:5)
  A hobgoblin (D:5)
  A jackal (D:5)
  A quokka (D:5)
8 creatures vanquished.

Grand Total: 201 creatures vanquished

Notes
Turn   | Place    | Note
-------+----------+-------------------------------------------
     0 | D:1      | HagarQim the Merfolk Skald began the quest for the Orb.
     0 | D:1      | Reached XP level 1. HP: 16/16 MP: 3/3
   388 | D:1      | Reached XP level 2. HP: 16/23 MP: 5/5
   503 | D:1      | Learned a level 2 spell: Song of Slaying
   506 | D:1      | Learned a level 2 spell: Shroud of Golubria
   666 | D:1      | Reached skill level 1 in Short Blades
   885 | D:1      | Reached XP level 3. HP: 28/28 MP: 6/6
  1270 | D:1      | Reached skill level 2 in Short Blades
  1450 | D:2      | Reached skill level 1 in Stealth
  1450 | D:2      | Reached XP level 4. HP: 25/34 MP: 7/7
  1634 | D:2      | Reached skill level 1 in Armour
  2163 | D:2      | Found an iron altar of Okawaru.
  2165 | D:2      | Found a snail-covered altar of Cheibriados.
  2338 | D:2      | Reached XP level 5. HP: 39/39 MP: 8/8
  2422 | D:2      | Found a shimmering altar of Xom.
  2494 | D:2      | Reached skill level 3 in Short Blades
  3441 | D:3      | Reached skill level 4 in Short Blades
  3441 | D:3      | Reached XP level 6. HP: 19/46 MP: 6/9
  3877 | D:4      | Reached skill level 5 in Short Blades
  4022 | D:4      | Reached XP level 7. HP: 52/52 MP: 6/10
  4562 | D:4      | Reached skill level 6 in Short Blades
  4562 | D:4      | Reached skill level 1 in Translocations
  4783 | D:5      | Entered Level 5 of the Dungeon
  4849 | D:5      | Found Kenwesab's General Store.
  4972 | D:5      | Reached XP level 8. HP: 56/58 MP: 8/13
  5243 | D:5      | Reached skill level 7 in Short Blades
  5243 | D:5      | Reached skill level 5 in Dodging
  5282 | D:5      | Noticed Pikel
  5330 | D:5      | Killed Pikel
  5330 | D:5      | Reached skill level 5 in Charms
  5567 | D:5      | Noticed Sigmund
  5589 | D:5      | Killed Sigmund
  5589 | D:5      | Reached skill level 5 in Spellcasting
  5589 | D:5      | Reached XP level 9. HP: 49/65 MP: 12/16
  5758 | D:5      | Reached skill level 8 in Short Blades
  6497 | D:6      | Found a sacrificial altar of Ru.
  6500 | D:6      | Found a bloodstained altar of Trog.
  6548 | D:6      | Found a staircase to the Ecumenical Temple.
  6571 | D:6      | Gained mutation: You are dopey. (Int -2) [mutagenic meat]
  6580 | Temple   | Entered the Ecumenical Temple
  6746 | Temple   | Became a worshipper of Gozag Ym Sagoz the Greedy
  6816 | D:6      | Found a radiant altar of Vehumet.
  7297 | D:7      | Noticed Duvessa
  7297 | D:7      | Noticed Dowan
  7344 | D:7      | Killed Duvessa
  7352 | D:7      | Killed Dowan
  7625 | D:7      | Found a glowing golden altar of the Shining One.
  7805 | D:7      | Reached skill level 9 in Short Blades
  8101 | D:7      | Noticed Menkaure
  8113 | D:7      | Killed Menkaure
  8155 | D:7      | Noticed a hornet
  8180 | D:7      | Reached XP level 10. HP: 37/73 MP: 12/19
  8205 | D:7      | Paralysed by a hornet for 2 turns
  8206 | D:7      | HP: 2/73 [hornet (3)]
  8207 | D:7      | Slain by a hornet

Vault maps used:
D:1:      minmay_arrival_semitransparent
D:2:      nicolae_overflow_hidden_temple, tgw_xom
D:3:      first_bread
D:5:      corexii_shantytown, serial_shops, nicolae_shop_stone, uniq_pikel,
          uniq_sigmund
D:6:      vehumet_altar_wand_db, grunt_temple_overflow_open
D:7:      the_bakery, nicolae_tso_swordbearing_angel, uniq_duvessa,
          uniq_menkaure
Temple:   regret_index_temple_generic_petals

Skill      XL: |  1  2  3  4  5  6  7  8  9 |
---------------+----------------------------+-----
Short Blades   | 1 2 4 5 6 7 9 |  9.2
Dodging        | 3 4 5 6 |  6.6
Stealth        | 1 2 4 |  4.2
Armour         | 1 |  1.5
Fighting       | 3 4 |  4.8
Charms         | 4 5 |  5.3
Translocations | 1 2 |  2.9
Spellcasting   | 3 5 6 |  6.3
Polearms       | |  3.0

Action                   |  1- 3 |  4- 6 |  7- 9 | 10-12 || total
-------------------------+-------+-------+-------+-------++-------
Melee: Dagger            |    92 |   339 |   640 |    23 ||  1094
       Spear             |     8 |       |       |       ||     8
 Cast: Shroud of Golubri |     1 |     7 |    15 |     1 ||    24
       Song of Slaying   |     1 |     6 |    13 |       ||    20
       Infusion          |     1 |     1 |    11 |       ||    13
  Use: Scroll            |       |     9 |     1 |       ||    10
       Potion            |       |       |     4 |       ||     4
 Stab: Sleeping          |     2 |     3 |     6 |       ||    11
  Eat: Chunk             |     2 |     9 |    10 |       ||    21
       Fruit             |       |       |     3 |       ||     3
       Royal jelly       |       |       |     1 |       ||     1
       Pizza             |       |       |     1 |       ||     1
Armor: Leather armour    |    23 |    41 |    15 |       ||    79
       Robe              |       |       |    14 |       ||    14
Dodge: Dodged            |    63 |   141 |   228 |    11 ||   443
